 Dungeon Crawl Stone Soup version 0.28-a0-1182-g381e24db82 (webtiles) character file.

Game seed: 16104278643957893820

109 heartyfrogbroth the Ruffian (level 4, -5/45 HPs)
             Began as a Troll Berserker on Dec 16, 2021.
             Was a Follower of Trog.
             Slain by a gnoll (9 damage)
             ... on level 4 of the Dungeon.
             The game lasted 00:04:03 (544 turns).

heartyfrogbroth the Ruffian (Troll Berserker)        Turns: 544, Time: 00:04:03

Health: -5/45      AC:  4    Str: 27    XL:     4   Next: 59%
Magic:  0/3        EV: 10    Int:  3    God:    Trog [*.....]
Gold:   29         SH:  0    Dex:  9    Spells: 3/3 levels left

rFire   + . .      SeeInvis .     - Unarmed
rCold   . . .      Faith    .   (no shield)
rNeg    . . .      Spirit   +   a - +0 animal skin
rPois   .          Reflect  .   (helmet restricted)
rElec   .          Harm     .   (no cloak)
rCorr   .          Rampage  .   (gloves unavailable)
Will    .....                   (boots unavailable)
Stlth   +.........              j - amulet of guardian spirit
HPRegen 0.95/turn               g - ring of protection from fire
MPRegen 0.08/turn               (no ring)

@: no status effects
A: large, unfitting armour, claws 3, regeneration 1, shaggy fur 1, tough skin 1
a: Renounce Religion, Berserk


You were on level 4 of the Dungeon.
You worshipped Trog.
Trog was aware of your devotion.
You visited 1 branch of the dungeon, and saw 4 of its levels.

You collected 29 gold pieces.

Inventory:

Armour
 a - a +0 animal skin (worn)
 b - a +0 leather armour
 e - a +0 ring mail
 h - a +1 pair of boots
Jewellery
 g - a ring of protection from fire (left claw)
 j - an amulet of guardian spirit (around neck)
Wands
 k - a wand of iceblast (6)
Scrolls
 c - a scroll of identify {unknown}
 d - a scroll of teleportation {unknown}
 i - a scroll of enchant armour {unknown}
Potions
 f - a potion of heal wounds {unknown}


   Skills:
 + Level 3.2 Fighting
 + Level 3.1 Dodging
 + Level 4.0 Unarmed Combat


You had 3 spell levels left.
You didn't know any spells.
Your spell library was empty.

Dungeon Overview and Level Annotations

Branches:
Dungeon (4/15)
 Temple: D:4-7

Altars:
Ashenzari


Innate Abilities, Weirdness & Mutations

You are too large for most types of armour.
You have claws for hands.
Your natural rate of healing is unusually fast.
You are covered in fur. (AC +1)
You have tough skin. (AC +1)


Message History

k - a wand of iceblast (6)
Things that are here:
a +0 club; a +0 leather armour; the goblin corpse of Ijyb
Things that are here:
a +0 club; a +0 leather armour; the goblin corpse of Ijyb You see here a +0 rapier.
You see here a hound corpse.
You open the door.
The gnoll shaman calls upon its god to speed up the gnoll.
The gnoll seems to speed up.
You barely miss the gnoll. The gnoll barely misses you.
You barely miss the gnoll. The gnoll hits you with a +0 flail!
The gnoll hits you from afar with a +0 halberd!
You claw the gnoll!
The gnoll is almost dead.
The gnoll hits you with a +0 flail.
The gnoll hits you from afar with a +0 halberd.
You scratch the gnoll but do no damage.
The gnoll is almost dead.
The gnoll closely misses you. x2
You barely miss the gnoll.
The gnoll is almost dead.
The gnoll shaman calls upon its god to speed up the gnoll.
The gnoll seems to speed up.
The gnoll barely misses you. The gnoll hits you with a +0 flail.
You claw the gnoll!
You kill the gnoll!
Trog accepts your kill.
The gnoll hits you from afar with a +0 halberd.
Your Unarmed Combat skill increases to level 4!
You barely miss the gnoll.
The gnoll hits you from afar with a +0 halberd!
* * * LOW HITPOINT WARNING * * *
The gnoll hits you from afar with a +0 halberd.
* * * LOW HITPOINT WARNING * * *
The kobold hits you but does no damage.
You scratch the gnoll.
The gnoll is moderately wounded.
The gnoll hits you with a +0 flail!
You die...

#################
#............###.
#..........###.##
#.#######.##...# #.#
#.....#w...# #.#
#.###.#..#####@###.#
#>.......#...#gK##.#
##.......#._.g...#.#
#.##.#..#.[g#.....#
#.......#####.###.#####
##.......#............#
#.......##...........#
#####........###.........#
...........#..)###.......#


You could see a gnoll shaman, 2 gnolls, a dart slug and a kobold.

Vanquished Creatures
  A hound (D:4)
  An iguana (D:4)
  Ijyb (D:4)
  A gnoll (D:4)
  An adder (D:3)
  A ball python (D:4)
  2 bats (D:1)
  A hobgoblin (D:1)
  A frilled lizard (D:1)
10 creatures vanquished.

Notes
Turn   | Place    | Note
-------+----------+-------------------------------------------
     0 | D:1      | heartyfrogbroth the Troll Berserker began the quest for the
                  | Orb.
     0 | D:1      | Reached XP level 1. HP: 22/22 MP: 0/0
   333 | D:3      | Reached XP level 2. HP: 29/29 MP: 1/1
   361 | D:4      | Found a broken altar of Ashenzari.
   384 | D:4      | Reached XP level 3. HP: 14/37 MP: 2/2
   416 | D:4      | Noticed Ijyb
   435 | D:4      | Killed Ijyb
   444 | D:4      | Reached XP level 4. HP: 13/45 MP: 3/3
   541 | D:4      | Reached skill level 4 in Unarmed Combat
   541 | D:4      | HP: 1/45 [gnoll (2)]
   544 | D:4      | Slain by a gnoll

Illustrated notes

Levels and vault maps discovered:
D:1:      amcnicky_arrival_abandoned_market, layout_basic,
          hellmonk_ecumenical_altar_dog_temple
D:2:      layout_basic, serial_shops, shop, minmay_splitting_lines
D:3:      layout_basic
D:4:      layout_basic, nicolae_ashenzari_skybound, lemuel_crystal_altar,
          uniq_ijyb

Skill      XL: |  1  2  3  4 |
---------------+-------------+-----
Fighting       | 3 |  3.2
Dodging        | 3 |  3.1
Unarmed Combat | 4 |  4.0

Action                   |  1- 3 |  4- 6 || total
-------------------------+-------+-------++-------
Melee: Unarmed           |    34 |     8 ||    42
       Punch             |     1 |       ||     1
Armor: Animal skin       |    10 |     1 ||    11
Dodge: Dodged            |    20 |     4 ||    24

Table legend: (Time is in decaauts)
 A = Elapsed time spent in this place.
 B = Non-inter-level travel time spent in this place.
 C = Inter-level travel time spent in this place.
 D = Time resting spent in this place.
 E = Time spent auto-exploring this place.
 F = Levels seen in this place.
 G = Mean time per level.
                   A        B        C        D        E       F      G
               +--------+--------+--------+--------+--------+-----+--------+
         Total |    540 |    476 |     64 |      0 |      0 |   4 |  135.0 |
       Dungeon |    540 |    476 |     64 |      0 |      0 |   4 |  135.0 |
               +--------+--------+--------+--------+--------+-----+--------+

Top non-repeatable levels by time:
     D:1: 299 daAuts
     D:4: 207 daAuts
     D:2: 22 daAuts
     D:3: 10 daAuts
